Unix NetHack Version 3.7.0-69 Work-in-progress - last build Jan 17 2023 02:48:11 (52afb19a5a75bd13c37bd07f7a1a2262d275dfea,branch:master). Game began 2023-01-17 19:23:03, ended 2023-01-19 15:07:13. spontiff, neutral male gnomish Healer ------- ----- |.....|-- ------...| |.....+.| |......0.| --|.....|-| |..0.0.0.| |.+.....+.| ----.------- |.|.....|-| --.........| |.|.....+.| |...0.@0.0.| |.|.....|-- |.0.0.f%.0.| |.|------ --------.----- |.| |.0.......[..| |.| |............| |.| |----.-------- |.| |...........| |.| |...........| |.| ------.------- |.----------------.......| |.^^^^^^^^^.............>| -------------------------- Spontiff the Rhizotomist St:18/01 Dx:9 Co:18 In:8 Wi:17 Ch:17 Neutral S:400 Dlvl:3 $:661 HP:0(29) Pw:2(7) AC:-8 Xp:1/0 T:11227 Latest messages: In what direction? y Status of the Woodland-elf (chaotic): Level 5 HP 12(16) AC 2. What do you want to eat? [npyTX or ?*] Never mind. What do you want to use or apply? [ikostwxADJNSZ or ?*] s In what direction? , What a strange direction! Are you waiting to get hit? Use 'm' prefix to force a no-op (to rest). The Woodland-elf swings his runed broadsword. The Woodland-elf misses! The large cat misses the Woodland-elf. The Woodland-elf swings his runed broadsword. The Woodland-elf misses! The large cat misses the Woodland-elf. The Woodland-elf swings his runed broadsword. The Woodland-elf misses! The large cat misses the Woodland-elf. What do you want to use or apply? [ikostwxADJNSZ or ?*] s In what direction? y Status of the Woodland-elf (chaotic): Level 5 HP 12(16) AC 2. What do you want to use or apply? [ikostwxADJNSZ or ?*] s In what direction? h Status of the large cat (neutral): Level 9 HP 72(72) AC 4, tame. The Woodland-elf swings his runed broadsword. The Woodland-elf hits! The large cat misses the Woodland-elf. The large cat misses the Woodland-elf. In what direction? . You feel better. The Woodland-elf swings his runed broadsword. The Woodland-elf hits! The large cat bites the Woodland-elf. The Woodland-elf swings his runed broadsword at the large cat. The Woodland-elf misses the large cat. The Woodland-elf swings his runed broadsword. The Woodland-elf hits! The large cat misses the Woodland-elf. What do you want to zap? [iADJNSZ or ?*] Never mind. What do you want to use or apply? [ikostwxADJNSZ or ?*] s In what direction? y Status of the Woodland-elf (chaotic): Level 5 HP 7(16) AC 2. What do you want to use or apply? [ikostwxADJNSZ or ?*] s In what direction? h Status of the large cat (neutral): Level 9 HP 72(72) AC 4, tame. The Woodland-elf swings his runed broadsword. The Woodland-elf hits! You die... Do you want your possessions identified? [ynq] (y) y Do you want to see the dungeon overview? [ynq] (y) y Inventory: Coins $ - 661 gold pieces Weapons W - an uncursed +0 dart Armor h - an uncursed +0 orcish helm (being worn) g - an uncursed +1 pair of leather gloves (being worn) v - a blessed +0 pair of elven boots (being worn) e - a blessed +2 pair of low boots V - an uncursed +0 pair of water walking boots r - an uncursed +0 small shield (being worn) q - a blessed +1 dwarvish cloak (being worn) Q - an uncursed +0 mummy wrapping d - an uncursed +1 leather armor (being worn) Comestibles y - an uncursed apple n - 6 uncursed food rations T - 5 uncursed food rations p - 4 uncursed tripe rations X - an uncursed tripe ration Scrolls c - 2 uncursed scrolls of blank paper f - an uncursed scroll of charging b - an uncursed scroll of create monster l - 2 uncursed scrolls of earth a - a blessed scroll of fire I - a blessed scroll of identify G - an uncursed scroll of magic mapping B - an uncursed scroll of remove curse Potions m - an uncursed potion of booze L - 3 uncursed potions of object detection Rings u - an uncursed +1 ring of increase accuracy R - an uncursed ring of invisibility F - an uncursed ring of protection from shape changers K - an uncursed ring of teleport control j - an uncursed ring of warning Wands A - an uncursed wand of create monster (0:13) i - an uncursed wand of digging (0:6) J - a blessed wand of light (0:13) Z - an uncursed wand of locking (0:4) D - an uncursed wand of magic missile (0:8) S - an uncursed wand of sleep (0:0) N - an uncursed wand of striking (0:3) Tools k - an uncursed lock pick x - an uncursed magic lamp (lit) o - an uncursed magic whistle w - an uncursed mirror s - an uncursed stethoscope t - an uncursed towel Gems/Stones E - 2 uncursed topaz stones Spontiff the Healer's attributes: Background: You were a Rhizotomist, a level 1 male gnomish Healer. You were neutral, on a mission for Hermes who was opposed by Athena (lawful) and Poseidon (chaotic). You were in Sokoban, on level 3. You entered the dungeon 11227 turns ago. You had 0 experience points, 20 were needed to attain level 2. Your score was 400 before end-of-game adjustments. Basics: You had 0 out of 29 hit points. You had 2 out of 7 energy points (spell power). Your armor class was -8. Your wallet contained 661 zorkmids. Autopickup was on for '$!/="?' plus thrown, with exceptions. Final Characteristics: Your strength was 18/01 (limit:18/50). Your dexterity was 9 (limit:18). Your constitution was 18 (limit:18). Your intelligence was 8 (limit:19). Your wisdom was 17 (limit:18). Your charisma was 17 (limit:18). Final Status: You were not hungry. You were unencumbered. You were empty handed. You were unskilled in bare handed combat. Final Attributes: You were piously aligned. You were poison resistant. You had infravision. You were invisible. You were stealthy. You had a moderate defense bonus (+9). You were warded. You are dead. Miscellaneous: You never encountered a bones level. Total elapsed playing time was 3 hours, 16 minutes and 26 seconds. Major events: Turn 1: spontiff the neutral male gnomish Healer entered the dungeon 2780: entered the Gnomish Mines 3493: reached Mine Town 8441: killed the Oracle 8575: entered Sokoban 8932: completed 1st Sokoban level 9574: completed 2nd Sokoban level 10207: completed 3rd Sokoban level 11227: killed by a Woodland-elf Vanquished creatures: the Oracle 2 giant mimics a large mimic 4 watchmen a wolf 5 leprechauns 2 giant spiders a dog 3 Woodland-elves an imp a wood nymph a water nymph a mountain nymph 2 rock piercers 2 rock moles 3 ponies a fog cloud 2 yellow lights a shrieker 4 gnome leaders a gnomish wizard 2 kobold mummies 2 elf zombies a paper golem 5 giant ants a little dog 2 kittens 10 dwarves 4 homunculi a kobold leader a kobold shaman 2 hill orcs a rothe a rabid rat 5 giant bats a monkey 2 orc zombies a dwarf zombie a wererat 2 werejackals 4 iguanas 3 acid blobs 3 gas spores 6 hobbits a manes 3 large kobolds 2 hobgoblins 4 giant rats 3 cave spiders 3 brown molds 3 yellow molds 2 green molds 4 red molds 16 gnomes 2 gnome zombies 11 geckos 15 jackals 2 foxes 6 kobolds 4 goblins 5 sewer rats 28 grid bugs 4 bats 9 lichens 3 kobold zombies 18 newts 249 creatures vanquished. No species were genocided or became extinct. Voluntary challenges: You never hit with a wielded weapon. You were a pacifist. You read items or engraved 6 times. You never engraved Elbereth. You never genocided any monsters. You never polymorphed an object. You never changed form. You used no wishes. You did not violate any of the special Sokoban rules. Achievements: You entered a shop. You entered the Gnomish Mines. You entered Minetown. You entered a temple. You entered Sokoban. The Dungeons of Doom: levels 1 to 7 Level 1: A fountain. Level 2: A general store, a fountain, a grave. Level 3: A general store, a fountain. Level 4: "Stashlet" A fountain, a sink. Stairs down to The Gnomish Mines. Level 5: A fountain. Level 6: Many fountains. Oracle of Delphi. Level 7: Stairs up to Sokoban, level 6. The Gnomish Mines: levels 5 to 9 Level 5: Level 6: Level 7: Level 8: Many shops, a temple, some fountains. Level 9: "magic trap" Sokoban: levels 6 up to 3 Level 3: <- You were here. Unsolved. Final resting place for you, killed by a Woodland-elf. Level 4: Solved. Level 5: Solved. Level 6: Solved. Game over: ---------- / \ / REST \ / IN \ / PEACE \ / \ | spontiff | | 661 Au | | killed by a | | Woodland-elf | | | | | | 2023 | *| * * * | * _________)/\\_//(\/(/\)/\//\/|_)_______ Goodbye spontiff the Healer... You died in Sokoban on dungeon level 3 with 400 points, and 661 pieces of gold, after 11227 moves. You were level 1 with a maximum of 29 hit points when you died.